 Dungeon Crawl Stone Soup version 0.28.0-43-g3370ac3207 (webtiles) character file.

Game seed: 13289585871013663209

1774 smarlow the Covert (level 9, -3/44 HPs)
             Began as a Vine Stalker Enchanter on Mar 18, 2022.
             Slain by Harold
             ... wielding a +0 war axe of flaming
              (12 damage)
             ... on level 7 of the Dungeon.
             The game lasted 00:10:00 (4937 turns).

smarlow the Covert (Vine Stalker Enchanter)         Turns: 4937, Time: 00:10:01

Health: -3/44      AC:  6    Str: 12    XL:     9   Next: 7%
Magic:  0/19       EV: 13    Int: 17    God:
Gold:   212        SH:  0    Dex: 16    Spells: 6/20 levels left

rFire   . . .      SeeInvis .   c - +1 dagger (venom)
rCold   . . .      Faith    .   (no shield)
rNeg    . . .      Spirit   +   b - +0 robe
rPois   .          Reflect  .   f - +2 helmet
rElec   .          Harm     .   h - +0 cloak
rCorr   .          Rampage  .   (no gloves)
Will    +....                   (no boots)
Stlth   ++++......              (no amulet)
HPRegen 0.94/turn               d - ring of flight
MPRegen 0.16/turn               (no ring)

@: marked, flying
A: fangs 3, regeneration 1, magic shield, antimagic bite, no potion heal 2
a: no special abilities


You were on level 7 of the Dungeon.
You visited 1 branch of the dungeon, and saw 8 of its levels.

You collected 212 gold pieces.

Inventory:

Hand Weapons
 c - a +1 dagger of venom (weapon)
Missiles
 l - a throwing net
Armour
 b - a +0 robe (worn)
 f - a +2 helmet (worn)
 h - a +0 cloak (worn)
Jewellery
 d - a ring of flight (left hand)
Wands
 a - a wand of charming (10)
 g - a wand of flame (22)
 m - a wand of acid (3)
Scrolls
 o - a scroll of brand weapon {unknown}
 s - a scroll of immolation {unknown}
 t - a scroll of enchant weapon {unknown}
Potions
 e - a potion of degeneration {unknown}
 i - 2 potions of curing {unknown}
 j - a potion of mutation {unknown}
 k - a potion of cancellation {unknown}
 n - a potion of heal wounds {unknown}
 p - 3 potions of haste
 q - a potion of brilliance {unknown}
 r - a potion of attraction {unknown}


   Skills:
 + Level 3.4 Fighting
 - Level 1.6 Short Blades
 + Level 1.6 Armour
 + Level 3.6 Dodging
 * Level 8.5 Stealth
 * Level 6.2 Spellcasting
 + Level 5.1 Hexes


You had 6 spell levels left.
You knew the following spells:

 Your Spells              Type           Power      Damage    Failure   Level
a - Ensorcelled Hibernat  Hex/Ice        28%        N/A       7%          2
b - Confusing Touch       Hex            22%        N/A       4%          3
c - Tukima's Dance        Hex            22%        N/A       4%          3
d - Dazzling Flash        Conj/Hex       28%        N/A       13%         3
e - Teleport Other        Tloc           5%         N/A       36%         3

Your spell library contained the following spells:

 Spells                   Type           Power      Damage    Failure   Level
 Conjure Flame            Conj/Fire      5%         6-21      36%         3
 Gell's Gravitas          Tloc           5%         N/A       36%         3
 Ignite Poison            Fire/Tmut/Pois 5%         N/A       36%         3
 Sticky Flame             Conj/Fire      5%         2d3       77%         4
 Yara's Violent Unravell  Hex/Tmut       7%         3d5       77%         5
 Dispersal                Tloc           2%         N/A       100%        6
 Enfeeble                 Hex            11%        N/A       100%        7


Dungeon Overview and Level Annotations

Branches:
Dungeon (8/15)             Temple (0/1) D:7
   Lair: D:8-11

Altars:
Cheibriados

Shops:
D:4 :

Annotations:
D:5 1 runed translucent door, Icepheonix32's ghost, novice DsFi
D:6 1 runed translucent door, smarlow's ghost, novice VSEn
D:7 Harold


Innate Abilities, Weirdness & Mutations

You have razor-sharp teeth.
Your natural rate of healing is unusually fast.
When hurt, damage is shared between your health and your magic reserves.
Your bite disrupts and absorbs the magic of your enemies.
Potions cannot restore your health.


Message History

You hit Harold but do no damage. You bite Harold.
Harold's magic leaks into the air.
You drain his magic.
You feel invigorated.
Harold is moderately wounded.
Harold hits you with a +0 war axe of flaming.
Harold burns you.
You hit Harold.
Harold is poisoned.
You bite Harold!
Harold's magic leaks into the air.
You drain his magic.
You feel invigorated.
Harold is heavily wounded.
Harold closely misses you.
Aiming: Ensorcelled Hibernation (safe; 7% risk of failure)
Press: ? - help, Q - select action, (/) - cycle Shift-Dir - straight line, f - Harold
Aim: Harold, wielding a +0 war axe of flaming, wearing a +2 ring mail of poison resistance and quivering a throwing net (heavily wounded, very poisoned, magic disrupted, chance to affect: 16%) Harold resists with almost no effort.
Harold hits you with a +0 war axe of flaming.
Harold burns you.
You hit Harold but do no damage. Your bite misses Harold.
Harold is heavily wounded.
Harold's magic is no longer disrupted.
Harold casts a spell at you. A sentinel's mark forms upon you.
You hit Harold but do no damage. You bite Harold, but do no damage.
Harold is heavily wounded.
Harold hits you with a +0 war axe of flaming!
Harold burns you.
Harold throws a throwing net.
The throwing net hits you.
You become entangled in the net!
You see here a throwing net.
You struggle against the net.
You struggle against the net.
Harold hits you with a +0 war axe of flaming.
Harold burns you.
You shred the net and break free!
Harold hits you with a +0 war axe of flaming!!
* * * LOW HITPOINT WARNING * * *
Harold burns you.
* * * LOW HITPOINT WARNING * * *
You hit Harold but do no damage.
Harold is heavily wounded.
Harold hits you with a +0 war axe of flaming!
You die...

#.#..# ###.#..########
..<#.......... ..
##.##.########
##+####.. #....>##
#........ #......#
#........ #......#
#........
#......#########......#
#......##.....@@......#
#......##.######......#
#......'..# #........
#......##.# #########
#.......#.# #.......#.#
#.#####.### #. #.# #.
#.#


You could see Harold (poisoned).

Vanquished Creatures
  Sigmund (D:4)
  An orc warrior (D:6)
  A sky beast (D:5)
  3 necrophages
  An ice beast (D:5)
  An ogre (D:5)
  2 centaurs (D:6)
  A bullfrog (D:7)
  A scorpion (D:6)
  A wyvern zombie (D:7)
  A howler monkey (D:6)
  A bullfrog zombie (D:6)
  2 centaur zombies
  2 jellies
  3 hounds
  An orc priest (D:7)
  A centaur skeleton (D:4)
  An iron imp (D:5)
  2 iguanas
  An orc wizard (D:4)
  A hound skeleton (D:4)
  3 gnolls
  6 adders
  A white imp (D:7)
  An ufetubus (D:6)
  3 adder skeletons
  2 worms (D:4)
  2 dart slugs (D:1)
  14 orcs
  4 ball pythons
  A bat (D:1)
  6 endoplasms
  4 giant cockroaches
  8 goblins
  3 hobgoblins
  2 quokkas
  3 frilled lizards
  5 kobolds
  A rat (D:3)
98 creatures vanquished.

Vanquished Creatures (collateral kills)
  3 orcs
3 creatures vanquished.

Vanquished Creatures (others)
  A dancing weapon (D:7)
1 creature vanquished.

Grand Total: 102 creatures vanquished

Notes
Turn   | Place    | Note
-------+----------+-------------------------------------------
     0 | D:1      | smarlow the Vine Stalker Enchanter began the quest for the
                  | Orb.
     0 | D:1      | Reached XP level 1. HP: 9/9 MP: 4/4
    43 | D:1      | Reached skill level 1 in Short Blades
   135 | D:1      | Reached XP level 2. HP: 13/13 MP: 6/6
   139 | D:1      | Learned a level 2 spell: Ensorcelled Hibernation
   148 | D:1      | Found a faded altar of an unknown god.
   501 | D:1      | Reached skill level 4 in Stealth
   868 | D:1      | Reached XP level 3. HP: 12/16 MP: 2/7
  1481 | D:4      | Gained mutation: Your natural rate of healing is unusually
                  | fast. [Vine Stalker growth]
  1481 | D:4      | Reached XP level 4. HP: 19/21 MP: 9/9
  1602 | D:4      | Learned a level 3 spell: Confusing Touch
  1606 | D:4      | Learned a level 3 spell: Tukima's Dance
  1660 | D:4      | Reached skill level 1 in Fighting
  1660 | D:4      | Reached XP level 5. HP: 5/25 MP: 1/10
  1791 | D:4      | Noticed a necrophage
  1845 | D:4      | Killed a necrophage
  1846 | D:4      | Reached skill level 5 in Stealth
  1846 | D:4      | Reached XP level 6. HP: 22/30 MP: 6/12
  2024 | D:4      | Found Degotag's Book Emporium.
  2411 | D:4      | Noticed Sigmund
  2439 | D:4      | Killed Sigmund
  2440 | D:4      | Reached skill level 6 in Stealth
  2440 | D:4      | Reached XP level 7. HP: 26/34 MP: 7/14
  2718 | D:5      | Entered Level 5 of the Dungeon
  2728 | D:5      | Learned a level 3 spell: Dazzling Flash
  2732 | D:5      | Learned a level 3 spell: Teleport Other
  2899 | D:5      | Found a runed translucent door.
  2900 | D:5      | Noticed Icepheonix32's ghost (novice DsFi)
  3148 | D:5      | Found a snail-covered altar of Cheibriados.
  3196 | D:5      | Reached skill level 7 in Stealth
  3196 | D:5      | Reached skill level 5 in Spellcasting
  3196 | D:5      | Gained mutation: You have razor-sharp teeth. [Vine Stalker
                  | growth]
  3196 | D:5      | Reached XP level 8. HP: 39/39 MP: 16/16
  3691 | D:7      | Reached skill level 1 in Armour
  3842 | D:7      | Reached skill level 8 in Stealth
  4245 | D:6      | Reached skill level 5 in Hexes
  4315 | D:6      | Reached XP level 9. HP: 40/44 MP: 16/19
  4387 | D:6      | Found a runed translucent door.
  4387 | D:6      | Noticed smarlow's ghost (novice VSEn)
  4839 | D:7      | Found a staircase to the Ecumenical Temple.
  4923 | D:7      | Noticed Harold
  4937 | D:7      | Slain by Harold

Illustrated notes

Levels and vault maps discovered:
D:1:      minmay_arrival_nine_rooms, layout_rooms,
          hellmonk_ecumenical_altar_heavens_door, minmay_liquid_box,
          minmay_bisected
D:2:      layout_rooms, uniq_terence
D:3:      layout_loops_ring
D:4:      layout_basic, serial_shops, kennysheep_mini, uniq_sigmund
D:5:      layout_rooms, slow_altar_1, gammafunk_ghost_grave
D:6:      layout_rooms, gammafunk_ghost_grave
D:7:      layout_basic, nicolae_tso_carved_into_rock,
          minmay_temple_entry_junction, uniq_harold
D:8:      layout_basic, mainiacjoe_overflow_large_starburst, uniq_erica

Skill      XL: |  1  2  3  4  5  6  7  8 |
---------------+-------------------------+-----
Short Blades   | 1 |  1.6
Stealth        | 4 5 6 7 8 |  8.5
Dodging        | 2 3 |  3.6
Spellcasting   | 3 4 5 6 |  6.2
Fighting       | 1 2 3 |  3.4
Hexes          | 4 5 |  5.1
Armour         | 1 |  1.6

Action                   |  1- 3 |  4- 6 |  7- 9 || total
-------------------------+-------+-------+-------++-------
Melee: Dagger            |    89 |    71 |   157 ||   317
       Bite              |    17 |    32 |    53 ||   102
       Punch             |     1 |     3 |     3 ||     7
       Hand axe          |       |    19 |       ||    19
 Cast: Ensorcelled Hiber |     8 |    21 |    38 ||    67
       Confusing Touch   |       |     1 |     2 ||     3
       Tukima's Dance    |       |       |     7 ||     7
  Use: Potion            |       |     1 |       ||     1
       Scroll            |       |       |     2 ||     2
 Stab: Sleeping          |    11 |     9 |    19 ||    39
       Confused          |       |     1 |     4 ||     5
       Invisible         |       |     2 |       ||     2
Armor: Robe              |    11 |    12 |    52 ||    75
Dodge: Dodged            |    58 |    44 |   120 ||   222
